 Dungeon Crawl Stone Soup version 0.30-a0-912-ge10d75a369 (webtiles) character file.

Game seed: 9453536912061816535

49 Bnni the Digger (level 4, -6/32 HPs)
             Began as a Formicid Earth Elementalist on Mar 19, 2023.
             Killed from afar by Terence (12 damage)
             ... with a puff of flame
             ... on level 2 of the Dungeon.
             The game lasted 00:03:22 (1306 turns).

Bnni the Digger (Formicid Earth Elementalist)       Turns: 1306, Time: 00:03:22

Health: -6/32      AC:  2    Str: 13    XL:     4   Next: 2%
Magic:  1/7        EV: 12    Int: 16    God:
Gold:   27         SH:  0    Dex: 14    Spells: 2/8 levels left

rFire   . . .      SeeInvis +    h - +0 short sword
rCold   . . .      Faith    .    (no shield)
rNeg    . . .      Spirit   .    a - +0 robe
rPois   .          Reflect  .    (helmet unavailable)
rElec   .          Rampage  .    (no cloak)
rCorr   .                        (no gloves)
Will    .....                    (no boots)
Stlth   ++                       (no amulet)
HPRegen 0.25/turn                (no ring)
MPRegen 0.10/turn                (no ring)

@: no status effects
A: permanent stasis, dig shafts and tunnels, antennae 3, four strong arms
a: Dig, Shaft Self


You were on level 2 of the Dungeon.
You visited 1 branch of the dungeon, and saw 2 of its levels.

You collected 27 gold pieces.

Inventory:

Hand Weapons
 h - a +0 short sword (weapon)
Missiles
 e - 5 poisoned darts
Armour
 a - a +0 robe (worn)
 d - a +0 ring mail
 l - a +0 chain mail
Scrolls
 c - a scroll of amnesia {unknown}
 f - a scroll of blinking {unknown}
 j - 2 scrolls of brand weapon {unknown}
 k - a scroll of identify {unknown}
 m - a scroll of poison {unknown}
Potions
 b - a potion of magic
 g - a potion of attraction {unknown}
 i - a potion of curing {unknown}


   Skills:
 + Level 1.3 Fighting
 - Level 1.7 Dodging
 - Level 2.4 Stealth
 + Level 2.6 Spellcasting
 + Level 1.9 Transmutations
 * Level 4.5 Earth Magic


You had 2 spell levels left.
You knew the following spells:

 Your Spells              Type           Power      Damage    Failure   Level
a - Sandblast             Erth           32%        2d9       3%          1
b - Passwall              Tmut/Erth      10%        N/A       8%          2
c - Stone Arrow           Conj/Erth      18%        3d8       22%         3

Your spell library contained the following spells:

 Spells                   Type           Power      Damage    Failure   Level
 Cigotuvi's Dreadful Rot  Necr/Pois/Air  4%         N/A       30%         2
 Petrify                  Tmut/Erth      12%        N/A       45%         4
 Dispel Undead            Necr           2%         3d7       89%         4
 Death Channel            Necr           1%         N/A       100%        6


Dungeon Overview and Level Annotations

Branches:
Dungeon (2/15)

Altars:
Uskayaw

Shops:
D:2 :

Annotations:
D:2 Terence


Innate Abilities, Weirdness & Mutations

You cannot be hasted, slowed, berserked, paralysed or teleported.
You can dig through walls and to a lower floor.
You have a pair of large antennae on your head. (SInv)
Your four strong arms can wield two-handed weapons with a shield.


Message History

Terence is moderately wounded.
The frilled lizard hisses angrily.
Terence zaps a wand.
The puff of flame hits you!
Aiming: Sandblast (safe; 3% risk of failure)
Press: ? - help, Q - select action, (/) - cycle Shift-Dir - straight line, f/p - Terence
Aim: Terence, wielding a +0 hand axe, wearing a +0 ring mail and carrying a wand of flame (7) (moderately wounded, 84% to hit)
The blast of sand hits Terence.
Terence is heavily wounded.
Terence closely misses you.
Aiming: Sandblast (safe; 3% risk of failure)
Press: ? - help, Q - select action, (/) - cycle Shift-Dir - straight line, f/p - Terence
Aim: Terence, wielding a +0 hand axe, wearing a +0 ring mail and carrying a wand of flame (7) (heavily wounded, 84% to hit)
The blast of sand hits Terence but does no damage.
Terence is heavily wounded.
Terence hits you with a +0 hand axe. Terence closely misses you.
Aiming: Sandblast (safe; 3% risk of failure)
Press: ? - help, Q - select action, (/) - cycle Shift-Dir - straight line, f/p - Terence
Aim: Terence, wielding a +0 hand axe, wearing a +0 ring mail and carrying a wand of flame (7) (heavily wounded, 84% to hit)
The blast of sand hits Terence but does no damage.
Terence is heavily wounded.
Terence zaps a wand.
The puff of flame misses you.
Aiming: Sandblast (safe; 3% risk of failure)
Press: ? - help, Q - select action, (/) - cycle Shift-Dir - straight line, f/p - Terence
Aim: Terence, wielding a +0 hand axe, wearing a +0 ring mail and carrying a wand of flame (6) (heavily wounded, 84% to hit)
The blast of sand hits Terence.
Terence is severely wounded.
Terence zaps a wand.
The puff of flame hits you!
* * * LOW HITPOINT WARNING * * *
Terence barely misses you.
Casting: Sandblast (safe; 3% risk of failure)
Confirm with . or Enter, or press ? or * to list all spells.
You don't have enough magic to cast this spell.
Unknown command.
Aiming: Sandblast (safe; 3% risk of failure)
Press: ? - help, Q - select action, (/) - cycle Shift-Dir - straight line, f/p - Terence
Aim: Terence, wielding a +0 hand axe, wearing a +0 ring mail and carrying a wand of flame (5) (severely wounded, 84% to hit)
The blast of sand hits Terence but does no damage.
Terence is severely wounded.
Terence zaps a wand.
The puff of flame hits you!
You die...

#.....##.........#..####
#.......................
##....#..........###†###
##..##......8.<.∩.8.# #
#..##..........#######
#######..##...†......#####..
........)##.####.#..........
(.....................####.#
########.##@###........# #..
#.##@# #.#.....## #.# #.##l#
#.##...#####.# ####.# #.
##.#....... ..# #. ......#.#
... #. ##..#.#.# ...
#.(#.#.# .... #..#.#.#
#..#....


You could see Terence and a frilled lizard.

Vanquished Creatures
  A gnoll (D:1)
  A worm (D:2)
  2 dart slugs
  An orc (D:2)
  A giant cockroach (D:1)
  2 goblins (D:1)
  5 hobgoblins
  2 kobolds (D:1)
  4 ball pythons (D:1)
  7 bats
  4 rats
30 creatures vanquished.

Notes
Turn   | Place    | Note
-------+----------+-------------------------------------------
     0 | D:1      | Bnni the Formicid Earth Elementalist began the quest for
                  | the Orb.
     0 | D:1      | Reached XP level 1. HP: 13/13 MP: 3/3
   217 | D:1      | Reached XP level 2. HP: 20/20 MP: 1/5
   237 | D:1      | Reached skill level 4 in Earth Magic
   500 | D:1      | Reached skill level 1 in Fighting
   500 | D:1      | Reached XP level 3. HP: 26/26 MP: 4/6
   503 | D:1      | Learned a level 2 spell: Passwall
   507 | D:1      | Learned a level 3 spell: Stone Arrow
  1215 | D:2      | Found Mutug's Book Boutique.
  1260 | D:2      | Found a hide-covered altar of Uskayaw.
  1268 | D:2      | Reached XP level 4. HP: 32/32 MP: 4/7
  1299 | D:2      | Noticed Terence
  1306 | D:2      | Killed from afar by Terence

Illustrated notes

Levels and vault maps discovered:
D:1:      lemuel_arrival_muddy, layout_basic
D:2:      minmay_skewed_foursquare, layout_loops_ring, serial_shops,
          shop_statue, basic_altar, uniq_terence

Skill      XL: |  1  2 |
---------------+-------+-----
Earth Magic    | 4 |  4.5
Fighting       | 1 |  1.3
Dodging        | |  1.7
Stealth        | |  2.4
Spellcasting   | |  2.6
Transmutations | |  1.9

Action                     |  1- 3 |  4- 6 || total
---------------------------+-------+-------++-------
  Melee: Unarmed           |    10 |       ||    10
         Short sword       |     3 |       ||     3
   Cast: Sandblast         |    39 |     6 ||    45
 Armour: Robe              |     3 |       ||     3
  Dodge: Dodged            |    15 |     4 ||    19

Table legend: (Time is in decaauts)
 A = Elapsed time spent in this place.
 B = Non-inter-level travel time spent in this place.
 C = Inter-level travel time spent in this place.
 D = Time resting spent in this place.
 E = Time spent auto-exploring this place.
 F = Levels seen in this place.
 G = Mean time per level.
                   A        B        C        D        E       F      G
               +--------+--------+--------+--------+--------+-----+--------+
         Total |   1328 |   1292 |     36 |     44 |   1020 |   2 |  664.0 |
       Dungeon |   1328 |   1292 |     36 |     44 |   1020 |   2 |  664.0 |
               +--------+--------+--------+--------+--------+-----+--------+

Top non-repeatable levels by time:
     D:1: 1143 daAuts
     D:2: 184 daAuts
